 Dungeon Crawl Stone Soup version 0.31-a0-431-g88bdf31460 (webtiles) character file.

Game seed: 18401608350323066450

47 floatRand the Ruffian (level 3, -4/28 HPs)
             Began as a Draconian Shapeshifter on July 31, 2023.
             Slain by a gnoll
             ... wielding a +2 flail of holy wrath
              (7 damage)
             ... on level 2 of the Dungeon.
             The game lasted 00:01:18 (1337 turns).

floatRand the Ruffian (Draconian Shapeshifter)      Turns: 1337, Time: 00:01:19

Health: -4/28      AC:  5    Str: 17    XL:     3   Next: 48%
Magic:  3/3        EV: 12    Int:  8    God:
Gold:   30         SH:  0    Dex: 13    Spells: 2/2 levels left

rFire   . .          .
                       - Unarmed
rCold   . . .        (no shield)
rNeg    . . .        (body armour unavailable)
rPois   .            (helmet currently unavailable)
rElec   .            (cloak currently unavailable)
rCorr   .            (gloves currently unavailable)
SInv    .            (boots currently unavailable)
Will    .....        (no amulet)
Stlth   +            (no ring)
HPRegen 0.24/turn    (no ring)
MPRegen 0.08/turn

%: no passive effects
@: beast-form
A: beast (slay +2), AC +5, unfitting armour, cold-blooded
a: Begin Untransformation


You were on level 2 of the Dungeon.
You were a hulking beast.
You visited 1 branch of the dungeon, and saw 2 of its levels.

You collected 30 gold pieces.

Inventory:

Missiles
 n - a throwing net
Talismans
 b - a beast talisman (active)
Scrolls
 c - a scroll of revelation {unknown}
 e - a scroll of identify {unknown}
 i - a scroll of immolation {unknown}
 j - a scroll of torment {unknown}
 k - a scroll of enchant armour {unknown}
 l - a scroll of poison {unknown}
 m - a scroll of teleportation {unknown}
Potions
 a - a potion of lignification
 d - a potion of curing {unknown}
 f - a potion of cancellation {unknown}
 g - a potion of might {unknown}
 h - a potion of berserk rage {unknown}


   Skills:
 - Level 1.1 Fighting
 - Level 1.7 Dodging
 * Level 4.1 Unarmed Combat
 + Level 3.4 Shapeshifting


You had 2 spell levels left.
You didn't know any spells.
Your spell library contained the following spells:

 Spells                   Type           Power      Damage    Failure   Level
 Gell's Gravitas          Tloc           0%         N/A       78%         3
 Teleport Other           Tloc           0%         N/A       78%         3
 Dispersal                Tloc           0%         N/A       100%        6


Dungeon Overview and Level Annotations

Branches:
Dungeon (2/15)

Altars:


Innate Abilities, Weirdness & Mutations

You are a hulking beast.
Your limbs bulge with bestial killing power. (Slay +2)
Your plain brown scales are hard. (AC +5)
You cannot fit into any form of body armour.
You are cold-blooded and may be slowed by cold attacks.


Message History

The goblin shouts!
A goblin is nearby!
Found a dagger.
The goblin barely misses you.
You punch the goblin!
You kill the goblin!
No target in view!
Things that are here:
a +0 club; 3 poisoned darts Unknown command.
Found a stone staircase leading down.
There is a stone staircase leading down here.
There is a stone staircase leading down here.
m - a scroll labelled ZAKIOF EFYROA You see here a +0 dagger.
Things that are here:
a +0 club; 3 poisoned darts You see here a +0 dagger.
You see here 2 stones.
The gnoll shouts! x2; You hear an angry hiss.
The gnoll throws a throwing net.
The throwing net misses you.
You see here a throwing net.
The gnoll throws a throwing net.
The throwing net closely misses you.
You see here a throwing net.
Unknown command.
You see here a throwing net.
n - a throwing net
Okay, then.
Okay, then.
Unknown command.
The gnoll hits you with a +2 flail of holy wrath!
You closely miss the gnoll.
The gnoll hits you with a +2 flail of holy wrath!
The gnoll hits you from afar with a +4 halberd!
* * * LOW HITPOINT WARNING * * *
Unknown command.
You punch the gnoll!
You tail-slap the gnoll, but do no damage.
The gnoll is heavily wounded.
The gnoll hits you with a +2 flail of holy wrath!
You die...

##..........##...#
#...........##.###
###........##..#
#.###......#..##
##...###...##.##
#......###.#..##
##..).....#.#g..#
#...........#g###
##..........##h#
#.)...#.....#..#
.##..........##.##
.............#..#
####........#####
...###......#
...#####...##
.......###†#
.....#..##†#


You could see 2 gnolls.

Vanquished Creatures
  A worm (D:2)
  A dart slug (D:1)
  5 bats
  3 endoplasms (D:1)
  A giant cockroach (D:2)
  5 hobgoblins (D:1)
  A jackal (D:2)
  4 kobolds (D:1)
  2 quokkas (D:1)
  A ball python (D:2)
  9 frilled lizards (D:1)
  6 goblins
  2 rats
41 creatures vanquished.

Notes
Turn   | Place    | Note
-------+----------+-------------------------------------------
     0 | D:1      | floatRand the Draconian Shapeshifter began the quest for
                  | the Orb.
     0 | D:1      | Reached XP level 1. HP: 16/16 MP: 1/1
   109 | D:1      | Reached XP level 2. HP: 23/23 MP: 2/2
   505 | D:1      | Found a faded altar of an unknown god.
   513 | D:1      | Reached XP level 3. HP: 28/28 MP: 3/3
  1077 | D:2      | Reached skill level 4 in Unarmed Combat
  1337 | D:2      | Slain by a gnoll

Illustrated notes

Levels and vault maps discovered:
D:1:      tekkud_arrival_beachfront_property, layout_loops_ring, serial_forest,
          infiniplex_forest_lined_room_2, infiniplex_forest_clump_medium,
          infiniplex_forest_straight_3, infiniplex_forest_clump_medium,
          infiniplex_forest_fountain, infiniplex_forest_end_double,
          infiniplex_forest_clump_diagonal, infiniplex_forest_pool,
          ebering_ecumenical_altar_abandoned, minmay_lizard_pond
D:2:      minmay_skewed_foursquare, layout_rooms

Skill      XL: |  1  2  3 |
---------------+----------+-----
Unarmed Combat | 4 |  4.1
Fighting       | |  1.1
Dodging        | |  1.7
Shapeshifting  | |  3.4

Action                     || total
---------------------------++-------
  Melee: Unarmed           ||   110
         Punch             ||     2
         Tailslap          ||     9
   Stab: Sleeping          ||     1
 Armour: Skin              ||    26
  Dodge: Dodged            ||    69

Table legend: (Time is in decaauts)
 A = Elapsed time spent in this place.
 B = Non-inter-level travel time spent in this place.
 C = Inter-level travel time spent in this place.
 D = Time resting spent in this place.
 E = Time spent auto-exploring this place.
 F = Levels seen in this place.
 G = Mean time per level.
                   A        B        C        D        E       F      G
               +--------+--------+--------+--------+--------+-----+--------+
         Total |   1334 |   1295 |     39 |     85 |    866 |   2 |  667.0 |
       Dungeon |   1334 |   1295 |     39 |     85 |    866 |   2 |  667.0 |
               +--------+--------+--------+--------+--------+-----+--------+

Top non-repeatable levels by time:
     D:1: 1031 daAuts
     D:2: 302 daAuts
